[Event "RUS-ch Men Rapid 2019"]
[Site "Sochi"]
[Date "2019.10.15"]
[Round "5.6"]
[White "Lysyj, Igor"]
[Black "Oganian, Miran"]
[Result "1-0"]
[ECO "A46"]
[WhiteElo "2588"]
[BlackElo "2436"]
[Annotator "ChessBase"]
[PlyCount "91"]
[EventDate "2019.10.15"]
[EventType "swiss"]
[EventCountry "RUS"]
[SourceTitle "playchess.com"]
[Source "ChessBase"]
[SourceQuality "1"]
[TimeControl "900+10"]

1. d4 Nf6 2. Nf3 d5 3. g3 e6 4. Bg2 b5 5. O-O c5 6. a4 b4 7. c4 bxc3 8. Nxc3 Nc6 9. Bg5 h6 10. Bxf6 gxf6 11. dxc5 Bxc5 12. Rc1 Qb6 13. Nxd5 exd5 14. Qxd5 Be7 15. Qxc6+ Qxc6 16. Rxc6 Rb8 17. Nd4 Bd7 18. Ra6 Bc5 19. Bc6 Bxc6 20. Nxc6 Rxb2 21. Rc1 Ba3 22. Rc3 Ra2 23. Nxa7 O-O 24. Nb5 Bb4 25. Rc4 Be1 26. Nd4 Kg7 27. Nf5+ Kg6 28. Ne7+ Kh7 29. Re4 Kg7 30. Rg4+ Kh7 31. Re4 Kg7 32. Nd5 f5 33. Re5 Rc8 34. Ne7 Rd8 35. Nxf5+ Kg8 36. Nxh6+ Kf8 37. Nf5 Bc3 38. Re4 Re8 39. Rxe8+ Kxe8 40. Kf1 Ra1+ 41. Kg2 Ra2 42. Kf3 Ra3 43. e3 Ra2 44. Nd6+ Ke7 45. Ne4 Be1 46. g4 1-0

[Event "RUS-ch Men Rapid 2019"]
[Site "Sochi"]
[Date "2019.10.15"]
[Round "5.7"]
[White "Khismatullin, Denis"]
[Black "Yudin, Sergei"]
[Result "0-1"]
[ECO "A13"]
[WhiteElo "2550"]
[BlackElo "2577"]
[Annotator "ChessBase"]
[PlyCount "76"]
[EventDate "2019.10.15"]
[EventType "swiss"]
[EventCountry "RUS"]
[SourceTitle "playchess.com"]
[Source "ChessBase"]
[SourceQuality "1"]
[TimeControl "900+10"]

1. c4 e6 2. Nf3 d5 3. e3 f5 4. b3 Nf6 5. Bb2 Bd6 6. Nc3 c6 7. h3 O-O 8. g4 Qe7 9. Rg1 fxg4 10. hxg4 Ne4 11. Qe2 Na6 12. Bg2 Nxc3 13. dxc3 e5 14. Nd2 e4 15. O-O-O Nc5 16. f3 Bxg4 17. cxd5 cxd5 18. Bh1 Nd3+ 19. Kb1 Nxb2 20. Kxb2 Ba3+ 21. Ka1 exf3 22. Bxf3 Qf6 23. Bxd5+ Kh8 24. Qd3 Bxd1 25. Rxd1 Rad8 26. e4 b5 27. Nb1 Bb4 28. Kb2 a6 29. Rd2 Bd6 30. a3 Be5 31. b4 Qf3 32. Qc2 g5 33. Rd3 Qf2 34. Rd2 Qf4 35. Rg2 g4 36. Be6 g3 37. Bf5 Qf1 38. Bh3 Qxg2 0-1

[Event "RUS-ch Men Rapid 2019"]
[Site "Sochi"]
[Date "2019.10.15"]
[Round "5.9"]
[White "Pridorozhni, Aleksei"]
[Black "Ulybin, Mikhail"]
[Result "1-0"]
[ECO "C13"]
[WhiteElo "2554"]
[BlackElo "2455"]
[Annotator "ChessBase"]
[PlyCount "61"]
[EventDate "2019.10.15"]
[EventType "swiss"]
[EventCountry "RUS"]
[SourceTitle "playchess.com"]
[Source "ChessBase"]
[SourceQuality "1"]
[TimeControl "900+10"]

1. e4 e6 2. d4 d5 3. Nc3 Nf6 4. Bg5 Be7 5. e5 Nfd7 6. h4 h6 7. Bxe7 Qxe7 8. Qd2 a6 9. f4 c5 10. Nf3 Nc6 11. dxc5 Nxc5 12. Bd3 Bd7 13. Ne2 O-O-O 14. O-O-O Kb8 15. Ned4 Rc8 16. Kb1 Rc7 17. h5 Rhc8 18. g4 Ne4 19. Qe1 Nb4 20. a3 Nxd3 21. cxd3 Nc3+ 22. bxc3 Rxc3 23. Qd2 Qxa3 24. Qb2 Qa5 25. Rc1 Ba4 26. Rxc3 Rxc3 27. Rc1 Rxd3 28. f5 Ka7 29. f6 g5 30. hxg6 fxg6 31. f7 1-0

[Event "RUS-ch Men Rapid 2019"]
[Site "Sochi"]
[Date "2019.10.15"]
[Round "5.10"]
[White "Potapov, Pavel"]
[Black "Yuffa, Daniil"]
[Result "1/2-1/2"]
[ECO "B12"]
[WhiteElo "2489"]
[BlackElo "2552"]
[Annotator "ChessBase"]
[PlyCount "74"]
[EventDate "2019.10.15"]
[EventType "swiss"]
[EventCountry "RUS"]
[SourceTitle "playchess.com"]
[Source "ChessBase"]
[SourceQuality "1"]
[TimeControl "900+10"]

1. e4 c6 2. d4 d5 3. e5 Bf5 4. h4 a6 5. a3 Qc7 6. b4 a5 7. c3 axb4 8. cxb4 e6 9. Bb2 h5 10. Bd3 Ne7 11. Ne2 Nd7 12. Ng3 Bxd3 13. Qxd3 b5 14. Nd2 Nb6 15. Rd1 Nc4 16. Nxc4 dxc4 17. Qf3 g6 18. Ne4 Nd5 19. Nf6+ Nxf6 20. Qxf6 Rg8 21. Rh3 Be7 22. Qf3 Qd7 23. Bc1 Ra6 24. Bg5 Bxg5 25. hxg5 Qe7 26. Qf6 Kd7 27. Rc1 Rga8 28. Rcc3 R6a7 29. Rcf3 Ke8 30. Ke2 Rd8 31. Rh4 Rda8 32. Rhh3 Rd8 33. Rh4 Rd5 34. Qh8+ Qf8 35. Qf6 Qe7 36. Qh8+ Qf8 37. Qf6 Qe7 1/2-1/2

[Event "RUS-ch Men Rapid 2019"]
[Site "Sochi"]
[Date "2019.10.15"]
[Round "5.11"]
[White "Rozum, Ivan"]
[Black "Gaydym, Arseniy"]
[Result "1-0"]
[ECO "A11"]
[WhiteElo "2551"]
[BlackElo "2139"]
[Annotator "RC"]
[PlyCount "127"]
[EventDate "2019.10.15"]
[EventType "swiss"]
[EventCountry "RUS"]
[SourceTitle "playchess.com"]
[Source "ChessBase"]
[SourceQuality "1"]
[TimeControl "900+10"]

1. c4 c6 2. Nf3 d5 3. g3 Nf6 4. Bg2 g6 5. b3 Bg7 6. Bb2 O-O 7. O-O Bf5 8. d3 Qc8 9. Nbd2 Bh3 10. Qc2 Bxg2 11. Kxg2 Nbd7 12. e4 dxe4 13. dxe4 Qc7 14. Rfe1 e5 15. c5 Nh5 16. Nc4 Nxc5 17. Bxe5 Bxe5 18. Ncxe5 Ne6 19. Qc3 Rad8 20. Ng4 f6 21. h4 Qd7 22. Nfh2 Qd4 23. Qa5 Kg7 24. Rac1 a6 25. Nf3 Qd3 26. Re3 Qd7 27. Kg1 Nd4 28. Ngh2 Ne6 29. Qc3 Nd4 30. Rce1 Nxf3+ 31. Nxf3 Qe6 32. e5 Kg8 33. Nd2 Qd5 34. Nc4 fxe5 35. Nxe5 Qd2 36. Qc4+ Qd5 37. Qg4 Qd2 38. Qe6+ Kg7 39. Qe7+ Kg8 40. R3e2 Qd5 41. Qxb7 Rd6 42. Qxa6 Re6 43. Qc4 Nf6 44. Qxd5 Nxd5 45. Nd3 Ref6 46. f4 Ra8 47. Re8+ Rxe8 48. Rxe8+ Kg7 49. Rc8 Nc3 50. Rc7+ Kg8 51. Ne5 Nxa2 52. Rxc6 Rf8 53. Ra6 Nb4 54. Rb6 Nc2 55. Kf2 Rd8 56. Nf3 Ra8 57. Ng5 Ra2 58. Rb8+ Kg7 59. Rb7+ Kg8 60. Nxh7 Nd4+ 61. Ke3 Nf5+ 62. Kf3 Rc2 63. Nf6+ Kf8 64. Ne4 1-0

[Event "RUS-ch Men Rapid 2019"]
[Site "Sochi"]
[Date "2019.10.15"]
[Round "5.12"]
[White "Derjabin, Ilja"]
[Black "Bocharov, Dmitry"]
[Result "0-1"]
[ECO "E20"]
[WhiteElo "2333"]
[BlackElo "2673"]
[Annotator "RC"]
[PlyCount "82"]
[EventDate "2019.10.15"]
[EventType "swiss"]
[EventCountry "RUS"]
[SourceTitle "playchess.com"]
[Source "ChessBase"]
[SourceQuality "1"]
[TimeControl "900+10"]

1. d4 Nf6 2. c4 e6 3. Nc3 Bb4 4. f3 O-O 5. a3 Bxc3+ 6. bxc3 Nh5 7. Nh3 f5 8. Bg5 Qe8 9. e3 Nc6 10. Bd3 d6 11. O-O e5 12. Qc2 h6 13. Bh4 g5 14. Be1 Ng7 15. Nf2 b6 16. Bd2 Ba6 17. g4 Bc8 18. Rae1 Bd7 19. Kh1 Kh8 20. Rg1 Ne7 21. Rg3 Ng6 22. gxf5 Bxf5 23. Ng4 Bxd3 24. Qxd3 Nh4 25. e4 Qe6 26. Reg1 Nh5 27. Rh3 Nf4 28. Bxf4 Rxf4 29. dxe5 dxe5 30. Qd5 Re8 31. Rd1 Kg7 32. Qxe6 Rxe6 33. Rd7+ Rf7 34. Rd5 Nxf3 35. Kg2 Nh4+ 36. Kg1 Rf4 37. Nxe5 Rxe4 38. Rd7+ Kf6 39. Nd3 Rxc4 40. Nb4 Rce4 41. Nd5+ Kg6 0-1

[Event "RUS-ch Men Rapid 2019"]
[Site "Sochi"]
[Date "2019.10.15"]
[Round "5.13"]
[White "Savitskiy, Sergey"]
[Black "Antipov, Mikhail Al."]
[Result "0-1"]
[ECO "B30"]
[WhiteElo "2407"]
[BlackElo "2658"]
[Annotator "RC"]
[PlyCount "140"]
[EventDate "2019.10.15"]
[EventType "swiss"]
[EventCountry "RUS"]
[SourceTitle "playchess.com"]
[Source "ChessBase"]
[SourceQuality "1"]
[TimeControl "900+10"]

1. e4 c5 2. Nf3 Nc6 3. Bb5 d6 4. O-O Bd7 5. c3 a6 6. Ba4 Nf6 7. Re1 b5 8. Bc2 e5 9. d3 h6 10. Nbd2 g6 11. Nf1 Bg7 12. h3 O-O 13. Be3 Re8 14. Ng3 Rc8 15. Rc1 Be6 16. a3 Qe7 17. Qd2 Qf8 18. d4 Na5 19. d5 Nc4 20. Qe2 Bd7 21. Bd3 Nxe3 22. Qxe3 h5 23. Ra1 Rb8 24. Qe2 Rec8 25. Bc2 c4 26. Nf1 Rc7 27. Ne3 Qc8 28. Nd2 Bh6 29. a4 Qd8 30. axb5 axb5 31. Bb1 h4 32. Nf3 Nh5 33. Qf1 Nf4 34. Bc2 Bf8 35. Ra2 Qf6 36. Nd2 Be7 37. Rea1 Bd8 38. Bd1 Qg5 39. Kh1 Rcb7 40. Ra8 Bb6 41. Bg4 f5 42. exf5 gxf5 43. Ne4 Qg6 44. Nxf5 Bxf5 45. Bxf5 Qxf5 46. Nxd6 Qf8 47. Rxb8 Rxb8 48. Ne4 Qf5 49. Re1 Rf8 50. d6 Nd3 51. Re2 Bxf2 52. d7 Bb6 53. Qxf5 Rxf5 54. Kh2 Rf7 55. Nd6 Rxd7 56. Nxb5 Rf7 57. Nd6 Rf1 58. g3 hxg3+ 59. Kxg3 Rg1+ 60. Kh2 Rg6 61. Nxc4 Bg1+ 62. Kh1 Nf2+ 63. Rxf2 Bxf2 64. Nxe5 Rg1+ 65. Kh2 Rb1 66. Nc4 Kf7 67. Kg2 Bh4 68. Kf3 Ke6 69. Ke4 Bf6 70. Kd3 Rh1 {[%emt 0:00:02] Kd4 Ke5+} 0-1

[Event "RUS-ch Men Rapid 2019"]
[Site "Sochi"]
[Date "2019.10.15"]
[Round "5.18"]
[White "Shcherbin, Matvei"]
[Black "Papin, Vasily"]
[Result "1/2-1/2"]
[ECO "B22"]
[WhiteElo "2366"]
[BlackElo "2541"]
[Annotator "ChessBase"]
[PlyCount "39"]
[EventDate "2019.10.15"]
[EventType "swiss"]
[EventCountry "RUS"]
[SourceTitle "playchess.com"]
[Source "ChessBase"]
[SourceQuality "1"]
[TimeControl "900+10"]

1. e4 c5 2. c3 Nf6 3. e5 Nd5 4. d4 cxd4 5. Nf3 Nc6 6. cxd4 d6 7. Bc4 Nb6 8. Bb5 Bd7 9. Nc3 dxe5 10. Nxe5 Nxe5 11. dxe5 Bxb5 12. Nxb5 a6 13. Be3 Qxd1+ 14. Rxd1 axb5 15. Bxb6 e6 16. Ke2 Be7 17. a3 f6 18. exf6 Bxf6 19. Rd2 Rc8 20. Rhd1 1/2-1/2

[Event "RUS-ch Men Rapid 2019"]
[Site "Sochi"]
[Date "2019.10.15"]
[Round "5.19"]
[White "Belyakov, Bogdan"]
[Black "Nechaev, Oleg"]
[Result "1/2-1/2"]
[ECO "B22"]
[WhiteElo "2506"]
[BlackElo "2371"]
[Annotator "ChessBase"]
[PlyCount "90"]
[EventDate "2019.10.15"]
[EventType "swiss"]
[EventCountry "RUS"]
[SourceTitle "playchess.com"]
[Source "ChessBase"]
[SourceQuality "1"]
[TimeControl "900+10"]

1. e4 c5 2. c3 Nc6 3. Nf3 d5 4. exd5 Qxd5 5. d4 cxd4 6. cxd4 e5 7. Nc3 Bb4 8. Bd2 Bxc3 9. Bxc3 e4 10. Ne5 Nxe5 11. dxe5 Ne7 12. Qe2 O-O 13. Rd1 Qxa2 14. Bb4 Qe6 15. Qxe4 Re8 16. Bc3 Qc6 17. Bd3 Bf5 18. Qxc6 bxc6 19. Bxf5 Nxf5 20. O-O a5 21. Rd7 a4 22. Rfd1 h5 23. Rc7 Rec8 24. Rdd7 Rxc7 25. Rxc7 Ra6 26. g3 g5 27. h3 g4 28. hxg4 hxg4 29. Kf1 Kf8 30. Bb4+ Ke8 31. Bc5 Ra5 32. Bd6 Nxd6 33. exd6 Rb5 34. Re7+ Kd8 35. Ra7 Rxb2 36. Rxa4 f5 37. Ra7 Rd2 38. Rf7 Rd5 39. Ke2 Ke8 40. Re7+ Kf8 41. Rd7 Ke8 42. Re7+ Kd8 43. Rf7 Ke8 44. Re7+ Kd8 45. Rf7 Ke8 1/2-1/2

[Event "RUS-ch Men Rapid 2019"]
[Site "Sochi"]
[Date "2019.10.15"]
[Round "5.20"]
[White "Mikhailovsky, Vladimir"]
[Black "Faizrakhmanov, Ramil"]
[Result "0-1"]
[ECO "D01"]
[WhiteElo "2209"]
[BlackElo "2434"]
[Annotator "NA"]
[PlyCount "92"]
[EventDate "2019.10.15"]
[EventType "swiss"]
[EventCountry "RUS"]
[SourceTitle "playchess.com"]
[Source "ChessBase"]
[SourceQuality "1"]
[TimeControl "900+10"]

1. d4 Nf6 2. Nc3 d5 3. Bg5 Nbd7 4. f3 h6 5. Bh4 c6 6. e4 dxe4 7. fxe4 Qa5 8. Qd2 e5 9. dxe5 Nxe5 10. Nf3 Bb4 11. Bd3 Be6 12. Nxe5 Qxe5 13. O-O Bd6 14. Bg3 Qc5+ 15. Qf2 Qxf2+ 16. Kxf2 Ng4+ 17. Kf3 Bxg3 18. Kxg3 Ne5 19. Rad1 Ke7 20. a3 Rhd8 21. Kf4 f6 22. h3 g5+ 23. Ke3 h5 24. Ne2 Rd7 25. Nd4 Rad8 26. Be2 h4 27. Nxe6 Rxd1 28. Nxd8 Rxd8 29. b3 Ng6 30. Rf2 Nf4 31. Bg4 c5 32. Kf3 Rd4 33. Bf5 c4 34. b4 c3 35. g3 hxg3 36. Kxg3 Rd2 37. Kf3 Kd6 38. Ke3 Ng2+ 39. Kf3 Ne1+ 40. Kg3 Ke5 41. Rxd2 cxd2 42. Bg4 Nxc2 43. Kf2 Nxa3 44. Ke2 Nc2 45. b5 d1=Q+ 46. Kxd1 Ne3+ 0-1

[Event "RUS-ch Men Rapid 2019"]
[Site "Sochi"]
[Date "2019.10.15"]
[Round "5.21"]
[White "Goltsev, Dmitry"]
[Black "Bryakin, Mikhail"]
[Result "1/2-1/2"]
[ECO "B12"]
[WhiteElo "2309"]
[BlackElo "2440"]
[Annotator "NA"]
[PlyCount "68"]
[EventDate "2019.10.15"]
[EventType "swiss"]
[EventCountry "RUS"]
[SourceTitle "playchess.com"]
[Source "ChessBase"]
[SourceQuality "1"]
[TimeControl "900+10"]

1. e4 c6 2. d4 d5 3. e5 Bf5 4. Bd3 Bxd3 5. Qxd3 e6 6. Ne2 Ne7 7. O-O Nf5 8. Ng3 g6 9. Nd2 Nd7 10. Nf3 Be7 11. c3 h5 12. Nxf5 gxf5 13. Bf4 h4 14. Qe3 Nf8 15. g3 Ng6 16. Bg5 hxg3 17. hxg3 Rh5 18. Bxe7 Qxe7 19. Kg2 f4 20. Qd2 O-O-O 21. Rh1 Rdh8 22. Rxh5 Rxh5 23. Rh1 Rxh1 24. Kxh1 Qf8 25. Kg2 Qh6 26. Qc1 Qh5 27. Qh1 Qf5 28. Qh3 Qc2 29. Qh7 Qf5 30. Qh3 Qe4 31. Qh7 Qf5 32. Qh3 Qe4 33. Qh7 Qf5 34. Qh3 Qe4 1/2-1/2

[Event "RUS-ch Men Rapid 2019"]
[Site "Sochi"]
[Date "2019.10.15"]
[Round "5.22"]
[White "Alexeev, Alexey"]
[Black "Nesterov, Arseniy"]
[Result "0-1"]
[ECO "C28"]
[WhiteElo "2252"]
[BlackElo "2484"]
[Annotator "ChessBase"]
[PlyCount "72"]
[EventDate "2019.10.15"]
[EventType "swiss"]
[EventCountry "RUS"]
[SourceTitle "playchess.com"]
[Source "ChessBase"]
[SourceQuality "1"]
[TimeControl "900+10"]

1. e4 e5 2. Nc3 Nc6 3. Bc4 Nf6 4. d3 Bc5 5. f4 d6 6. Nf3 Na5 7. Bb3 Nxb3 8. axb3 O-O 9. Na4 exf4 10. Nxc5 dxc5 11. Bxf4 Nh5 12. Be3 b6 13. O-O f5 14. Ng5 Qe8 15. Qf3 h6 16. e5 Rb8 17. Rxa7 hxg5 18. Bxg5 Qg6 19. h4 Rf7 20. Rfa1 Be6 21. Qc6 Rc8 22. Rb7 f4 23. Raa7 Qf5 24. Rxc7 Rcxc7 25. Rxc7 Rxc7 26. Qe8+ Qf8 27. Qxe6+ Qf7 28. Qxb6 Rc8 29. e6 Qg6 30. Qd6 Re8 31. Qxc5 Qxe6 32. Kh2 Qg4 33. Qd5+ Kh8 34. Be7 Qg3+ 35. Kh1 Qe1+ 36. Kh2 Ng3 0-1

[Event "RUS-ch Men Rapid 2019"]
[Site "Sochi"]
[Date "2019.10.15"]
[Round "5.23"]
[White "Sysolyatin, Evgeny"]
[Black "Kabanov, Nikolai"]
[Result "1/2-1/2"]
[ECO "B40"]
[WhiteElo "2271"]
[BlackElo "2455"]
[Annotator "ChessBase"]
[PlyCount "90"]
[EventDate "2019.10.15"]
[EventType "swiss"]
[EventCountry "RUS"]
[SourceTitle "playchess.com"]
[Source "ChessBase"]
[SourceQuality "1"]
[TimeControl "900+10"]

1. e4 c5 2. Nf3 e6 3. g3 Nc6 4. Bg2 d6 5. O-O Nf6 6. Qe2 Be7 7. Rd1 e5 8. c3 O-O 9. d4 cxd4 10. cxd4 exd4 11. Nxd4 Bg4 12. Nf3 Qc8 13. Nc3 Re8 14. Bf4 Qe6 15. Qb5 Rab8 16. Rd2 a6 17. Qf1 h6 18. Re1 Bf8 19. h3 Bxf3 20. Bxf3 Ne5 21. Bg2 Rbc8 22. Rc2 Nc4 23. b3 Ne5 24. Rec1 Nc6 25. Qd1 g5 26. Be3 Bg7 27. Rd2 Red8 28. Bb6 Rd7 29. Re2 Re8 30. Re3 Ne5 31. Nd5 Nxd5 32. exd5 Qf6 33. Rec3 Rde7 34. Rc8 Qf5 35. Rxe8+ Rxe8 36. Be3 Nd3 37. Rc7 Rxe3 38. fxe3 Qf2+ 39. Kh1 Ne1 40. Rc8+ Kh7 41. Be4+ f5 42. Rc1 Qf1+ 43. Kh2 Qf2+ 44. Kh1 Qf1+ 45. Kh2 Qf2+ 1/2-1/2

[Event "RUS-ch Men Rapid 2019"]
[Site "Sochi"]
[Date "2019.10.15"]
[Round "5.24"]
[White "Litvinov, Anton"]
[Black "Apryshko, Gleb"]
[Result "0-1"]
[ECO "A42"]
[WhiteElo "2010"]
[BlackElo "2382"]
[Annotator "NA"]
[PlyCount "40"]
[EventDate "2019.10.15"]
[EventType "swiss"]
[EventCountry "RUS"]
[SourceTitle "playchess.com"]
[Source "ChessBase"]
[SourceQuality "1"]
[TimeControl "900+10"]

1. d4 g6 2. c4 Bg7 3. Nc3 d6 4. e4 Nd7 5. Be2 e6 6. h4 h6 7. Be3 Ne7 8. Qd2 f5 9. Nh3 e5 10. f4 fxe4 11. fxe5 dxe5 12. dxe5 Nf5 13. Nxe4 Qxh4+ 14. Nhf2 Qe7 15. Ng4 Nxe3 16. Qxe3 Nxe5 17. Nxe5 Qxe5 18. Qc3 Bf5 19. Bf3 Qxe4+ 20. Bxe4 Bxc3+ 0-1

[Event "RUS-ch Men Rapid 2019"]
[Site "Sochi"]
[Date "2019.10.15"]
[Round "5.25"]
[White "Zakaryan, David"]
[Black "Nuristani, Iman"]
[Result "1-0"]
[ECO "A59"]
[WhiteElo "2338"]
[BlackElo "2171"]
[Annotator "NA"]
[PlyCount "51"]
[EventDate "2019.10.15"]
[EventType "swiss"]
[EventCountry "RUS"]
[SourceTitle "playchess.com"]
[Source "ChessBase"]
[SourceQuality "1"]
[TimeControl "900+10"]

1. d4 Nf6 2. c4 c5 3. d5 b5 4. cxb5 a6 5. bxa6 Bxa6 6. Nc3 g6 7. e4 Bxf1 8. Kxf1 d6 9. g3 Bg7 10. Kg2 O-O 11. Nf3 Nbd7 12. h3 Qa5 13. Re1 Rfb8 14. e5 dxe5 15. Nxe5 Nxe5 16. Rxe5 Rb7 17. Qe2 Raa7 18. a4 Ne8 19. Re3 Nd6 20. Ra3 Nf5 21. Nb5 Nxe3+ 22. Bxe3 Bxb2 23. Qxb2 Rxb5 24. axb5 Qxa3 25. Qe5 Rb7 26. Bh6 1-0

[Event "RUS-ch Men Rapid 2019"]
[Site "Sochi"]
[Date "2019.10.15"]
[Round "5.26"]
[White "Gutenev, Alexander"]
[Black "Tenikashvili, Georgij"]
[Result "1-0"]
[ECO "B19"]
[WhiteElo "2539"]
[BlackElo "2337"]
[Annotator "RC"]
[PlyCount "99"]
[EventDate "2019.10.15"]
[EventType "swiss"]
[EventCountry "RUS"]
[SourceTitle "playchess.com"]
[Source "ChessBase"]
[SourceQuality "1"]
[TimeControl "900+10"]

1. e4 c6 2. d4 d5 3. Nd2 dxe4 4. Nxe4 Bf5 5. Ng3 Bg6 6. Nf3 Nd7 7. h4 h6 8. h5 Bh7 9. Bd3 Bxd3 10. Qxd3 e6 11. Bd2 Ngf6 12. O-O-O Be7 13. Kb1 O-O 14. Ne4 Nxe4 15. Qxe4 Nf6 16. Qe2 Qd5 17. Ne5 Qe4 18. Qxe4 Nxe4 19. Be1 Rfd8 20. f3 Nf6 21. c4 Nd7 22. Ba5 Nb6 23. b3 Rdc8 24. Rhe1 Bf6 25. Bxb6 axb6 26. Nd7 Ra6 27. d5 cxd5 28. Nxf6+ gxf6 29. cxd5 e5 30. f4 exf4 31. Re7 Rd8 32. d6 b5 33. Rxb7 Raxd6 34. Rxd6 Rxd6 35. Rxb5 Rd1+ 36. Kc2 Rg1 37. a4 Rxg2+ 38. Kd3 Rb2 39. Ke4 Kg7 40. a5 f5+ 41. Kxf4 Rf2+ 42. Kg3 Rb2 43. Rb6 Kf8 44. Rb7 Kg7 45. Rb6 Kf8 46. b4 Ke7 47. a6 Kd7 48. b5 Rb4 49. a7 Ra4 50. Ra6 1-0

[Event "RUS-ch Men Rapid 2019"]
[Site "Sochi"]
[Date "2019.10.15"]
[Round "5.28"]
[White "Ozgibcev, Anatoly"]
[Black "Moiseenko, Vadim"]
[Result "0-1"]
[ECO "C55"]
[WhiteElo "2367"]
[BlackElo "2595"]
[Annotator "ChessBase"]
[PlyCount "134"]
[EventDate "2019.10.15"]
[EventType "swiss"]
[EventCountry "RUS"]
[SourceTitle "playchess.com"]
[Source "ChessBase"]
[SourceQuality "1"]
[TimeControl "900+10"]

1. e4 e5 2. Nf3 Nc6 3. Bc4 Nf6 4. d4 exd4 5. O-O Bc5 6. c3 Nxe4 7. cxd4 d5 8. dxc5 dxc4 9. Qe2 Qd3 10. Re1 f5 11. Nc3 O-O 12. Nxe4 fxe4 13. Qxe4 Bf5 14. Qxd3 cxd3 15. Bd2 Rad8 16. b4 Rd5 17. Rac1 Bg4 18. b5 Nd8 19. Ne5 Be2 20. Nc4 Rxc5 21. Na5 Rxb5 22. Rxc7 Ne6 23. Rxb7 Rxb7 24. Nxb7 Rb8 25. Na5 Rb2 26. Nb3 Rxa2 27. Rb1 h6 28. f3 a5 29. Bxa5 Rxa5 30. Nxa5 d2 31. Kf2 d1=Q 32. Rxd1 Bxd1 33. Nc4 Bb3 34. Nd2 Bd5 35. Nb1 Kf7 36. Nc3 Bc6 37. Ke3 Kf6 38. Ne2 Ke5 39. Nc1 Nf4 40. g3 Nd5+ 41. Kd2 Ne7 42. Nd3+ Kd4 43. Nf4 Ke5 44. Nd3+ Kf6 45. Ke3 Nf5+ 46. Kf2 Nd4 47. f4 Kf5 48. Ke3 Nc2+ 49. Kd2 Na3 50. Ne5 Bd5 51. Ke2 Nc4 52. Nd3 Nd6 53. Ke3 Ne4 54. Ne5 Nf6 55. h3 h5 56. Nd3 Ne4 57. g4+ hxg4 58. hxg4+ Kxg4 59. Ne5+ Kf5 60. Nf3 Nf6 61. Nh4+ Ke6 62. Kd4 Bb7 63. Ke3 Nd5+ 64. Ke4 Kf6 65. Kf3 Ne7+ 66. Kg4 Ng6 67. Nf5 Bf3+ 0-1

[Event "RUS-ch Men Rapid 2019"]
[Site "Sochi"]
[Date "2019.10.15"]
[Round "5.29"]
[White "Yeritsyan, Aram"]
[Black "Nozdrachev, Vladislav"]
[Result "0-1"]
[ECO "C24"]
[WhiteElo "2271"]
[BlackElo "2560"]
[Annotator "ChessBase"]
[PlyCount "84"]
[EventDate "2019.10.15"]
[EventType "swiss"]
[EventCountry "RUS"]
[SourceTitle "playchess.com"]
[Source "ChessBase"]
[SourceQuality "1"]
[TimeControl "900+10"]

1. e4 e5 2. Bc4 Nf6 3. d3 Nc6 4. Nc3 Na5 5. Qf3 Bb4 6. Nge2 O-O 7. Bg5 Be7 8. h3 d6 9. O-O c6 10. a4 Nxc4 11. dxc4 Be6 12. b3 Nd7 13. Bxe7 Qxe7 14. Ng3 g6 15. Qe3 h5 16. Rad1 Rfd8 17. Rd2 h4 18. Nge2 g5 19. Rfd1 Nf8 20. c5 dxc5 21. Rxd8 Rxd8 22. Rxd8 Qxd8 23. Qxc5 Ng6 24. Qe3 a5 25. f3 b6 26. Kf1 Kg7 27. Ke1 f6 28. Qd2 Qe7 29. Nd1 Qc5 30. Qc3 Qxc3+ 31. Ndxc3 Kf7 32. Kd2 Ke7 33. Nd1 Kd6 34. Ne3 b5 35. Ng4 Bxg4 36. hxg4 bxa4 37. bxa4 Kc5 38. Kc3 Nf4 39. Nxf4 gxf4 40. Kd2 Kb4 41. Kd3 c5 42. c3+ Kb3 0-1

[Event "RUS-ch Men Rapid 2019"]
[Site "Sochi"]
[Date "2019.10.15"]
[Round "5.30"]
[White "Zakhartsov, Vladimir"]
[Black "Chekletsov, Ilya"]
[Result "1-0"]
[ECO "E20"]
[WhiteElo "2527"]
[BlackElo "2377"]
[Annotator "ChessBase"]
[PlyCount "81"]
[EventDate "2019.10.15"]
[EventType "swiss"]
[EventCountry "RUS"]
[SourceTitle "playchess.com"]
[Source "ChessBase"]
[SourceQuality "1"]
[TimeControl "900+10"]

1. d4 Nf6 2. c4 e6 3. Nc3 Bb4 4. Bd2 b6 5. e3 Bb7 6. Nf3 O-O 7. Bd3 Bxc3 8. Bxc3 Ne4 9. Rc1 d6 10. O-O Nd7 11. Bb4 a5 12. Ba3 f5 13. Nd2 Nxd2 14. Qxd2 Qh4 15. f3 f4 16. c5 bxc5 17. dxc5 Ne5 18. cxd6 Nxd3 19. Qxd3 Ba6 20. Qe4 Bxf1 21. dxc7 Rfc8 22. Rxf1 Qf6 23. exf4 Ra7 24. Bd6 Raxc7 25. Bxc7 Rxc7 26. Qa8+ Kf7 27. Qxa5 Qd4+ 28. Kh1 Rc2 29. f5 e5 30. h3 Qxb2 31. Qd5+ Kf6 32. Qe6+ Kg5 33. Qe7+ Kxf5 34. Qf7+ Kg5 35. Qxg7+ Kf5 36. Qf7+ Kg5 37. f4+ exf4 38. Qxf4+ Kg6 39. Qf7+ Kh6 40. Rf6+ Kg5 41. Rf5+ 1-0

[Event "RUS-ch Men Rapid 2019"]
[Site "Sochi"]
[Date "2019.10.15"]
[Round "5.31"]
[White "Lugovskoy, Maxim"]
[Black "Usmanov, Ilnur"]
[Result "1/2-1/2"]
[ECO "B15"]
[WhiteElo "2508"]
[BlackElo "2144"]
[Annotator "ChessBase"]
[PlyCount "43"]
[EventDate "2019.10.15"]
[EventType "swiss"]
[EventCountry "RUS"]
[SourceTitle "playchess.com"]
[Source "ChessBase"]
[SourceQuality "1"]
[TimeControl "900+10"]

1. e4 c6 2. d4 d5 3. Nc3 dxe4 4. Nxe4 Nf6 5. Ng3 e5 6. Qe2 Qxd4 7. Nf3 Qb6 8. Qxe5+ Be7 9. Be3 Nbd7 10. Qxe7+ Kxe7 11. Nf5+ Kf8 12. Bxb6 Nxb6 13. Nd6 Ne8 14. Nxc8 Rxc8 15. O-O-O f6 16. g3 Nc7 17. Nd4 g6 18. h4 Kf7 19. h5 Rcd8 20. c3 Ne6 21. Nxe6 Kxe6 22. Bd3 1/2-1/2

[Event "RUS-ch Men Rapid 2019"]
[Site "Sochi"]
[Date "2019.10.15"]
[Round "5.32"]
[White "Chos, Alexey"]
[Black "Smagin, Sergey"]
[Result "1-0"]
[ECO "C92"]
[WhiteElo "2296"]
[BlackElo "2551"]
[Annotator "ChessBase"]
[PlyCount "82"]
[EventDate "2019.10.15"]
[EventType "swiss"]
[EventCountry "RUS"]
[SourceTitle "playchess.com"]
[Source "ChessBase"]
[SourceQuality "1"]
[TimeControl "900+10"]

1. e4 e5 2. Nf3 Nc6 3. Bb5 a6 4. Ba4 Nf6 5. O-O Be7 6. Re1 b5 7. Bb3 d6 8. c3 O-O 9. h3 Nd7 10. d4 Bf6 11. Be3 Na5 12. Bc2 Nc4 13. Bc1 c5 14. d5 Ncb6 15. Nbd2 c4 16. Nf1 Nc5 17. Ne3 Be7 18. g4 g6 19. Kh2 Nbd7 20. Rg1 Nf6 21. Nd2 Kh8 22. b4 cxb3 23. axb3 Bd7 24. b4 Na4 25. Bxa4 bxa4 26. c4 Qb6 27. Rb1 Qd4 28. Qc2 Rfc8 29. Bb2 Qb6 30. c5 Qxb4 31. c6 Qb5 32. g5 Nh5 33. Bxe5+ dxe5 34. Rxb5 axb5 35. Qb2 Bd6 36. cxd7 Rcb8 37. Rc1 Nf4 38. Rc6 a3 39. Qa1 Bf8 40. Qxe5+ Bg7 41. Qxb8+ Bf8 1-0

[Event "RUS-ch Men Rapid 2019"]
[Site "Sochi"]
[Date "2019.10.16"]
[Round "6.2"]
[White "Lysyj, Igor"]
[Black "Tsydypov, Zhamsaran"]
[Result "1/2-1/2"]
[ECO "D10"]
[WhiteElo "2596"]
[BlackElo "2553"]
[Annotator "ChessBase"]
[PlyCount "71"]
[EventDate "2019.10.15"]
[EventType "swiss"]
[EventCountry "RUS"]
[SourceTitle "playchess.com"]
[Source "ChessBase"]
[SourceQuality "1"]
[TimeControl "900+10"]

1. d4 d5 2. c4 c6 3. cxd5 cxd5 4. Bf4 Nc6 5. e3 Nf6 6. Nc3 a6 7. Rc1 Bg4 8. f3 Bd7 9. g4 e6 10. Bd3 Qb6 11. Nge2 Rc8 12. Kf2 Qxb2 13. Rb1 Qa3 14. Rb3 Qa5 15. Rxb7 Nb4 16. Bb1 Bc6 17. Rb8 Rxb8 18. Bxb8 Be7 19. Bf4 Nd7 20. Qb3 Ba8 21. Rc1 O-O 22. Nd1 Qb6 23. Nb2 e5 24. Na4 Qb8 25. dxe5 Nxe5 26. Kg2 Bd6 27. Nd4 Nc4 28. Bxd6 Qxd6 29. Nf5 Qb8 30. Qc3 f6 31. Qd4 g6 32. Ng3 Qe8 33. Nc5 Qf7 34. Bd3 Nc6 35. Qxc4 dxc4 36. Bxc4 1/2-1/2